 Dungeon Crawl Stone Soup version 0.17-a0-1646-geb1493d (webtiles) character file.

12658 Murumi the Blocker (level 12, -18/95 HPs)
             Began as a Formicid Fighter on Aug 9, 2015.
             Was a Priest of Elyvilon.
             Demolished by an orc warrior
             ... wielding a +0 battleaxe
             ... led by Saint Roka
              (28 damage)
             ... on level 4 of the Orcish Mines.
             The game lasted 01:07:00 (12120 turns).

Murumi the Blocker (Formicid Fighter)              Turns: 12120, Time: 01:07:00

Health: -18/95     AC: 20    Str: 30    XL:     12   Next: 23%
Magic:  22/28      EV: 10    Int:  9    God:    Elyvilon [***...]
Gold:   801        SH: 13    Dex: 10    Spells: 0 memorised, 11 levels left

rFire  . . .     SeeInvis +     E - +0 great sword
rCold  . . .     Clarity  .     h - +0 plate armour
rNeg   . . .     SustAt   .     c - +1 shield
rPois  .         Gourm    .     (helmet unavailable)
rElec  .         Spirit   .     r - +0 cloak
rCorr  .         Warding  .     w - +2 pair of gloves
rMut   .         Stasis   +     A - +0 pair of boots
MR     +....                    (no amulet)
Stlth  ..........               (no ring)
                                a - ring of magical power

@: mighty, somewhat resistant to hostile enchantments, extremely unstealthy
A: permanent stasis, dig shafts and tunnels, four strong arms, antennae 3
a: Dig, Shaft Self, Lesser Healing, Divine Protection, Heal Other, Purification,
Renounce Religion


You were on level 4 of the Orcish Mines.
You worshipped Elyvilon.
Elyvilon was most pleased with you.
You were near starving.

You visited 3 branches of the dungeon, and saw 15 of its levels.

You collected 907 gold pieces.
You spent 106 gold pieces at shops.

Inventory:

Hand weapons
 E - a +0 great sword (weapon)
Missiles
 j - 49 bolts
 B - 17 silver bolts
Armour
 c - a +1 shield (worn)
 h - a +0 plate armour (worn)
 r - a +0 cloak (worn)
 w - a +2 pair of gloves (worn)
 x - a cursed +0 large shield
 A - a +0 pair of boots (worn)
Jewellery
 a - a ring of magical power (left hand)
Magical devices
 t - a wand of flame (20)
 u - a wand of cold (15)
 z - a wand of flame (27)
Scrolls
 m - 2 scrolls of fear
 p - 2 scrolls of magic mapping
 q - a scroll of remove curse
 s - 12 scrolls of identify
 v - 2 scrolls of amnesia
 y - 3 scrolls of enchant weapon
 C - a scroll of enchant armour
Potions
 f - 2 potions of cure mutation
 i - 3 potions of brilliance
 n - 2 potions of curing
 D - a potion of magic
Comestibles
 b - 3 beef jerkies
 e - 4 bread rations
 g - 2 fruits
 k - 6 meat rations
 o - 3 chunks of flesh


   Skills:
 + Level 9.2 Fighting
 - Level 8.1 Long Blades
 - Level 9.1 Armour
 - Level 6.0 Dodging
 - Level 10.0 Shields
 - Level 10.0 Invocations


You had 11 spell levels left.
You didn't know any spells.

Dungeon Overview and Level Annotations

Branches:
Dungeon (10/15)            Temple (1/1) D:5            Lair (0/8) D:10
    Orc (4/4) D:9             Elf (0/3) Orc:4

Altars:
Ashenzari
Cheibriados
Dithmenos
Elyvilon
Fedhas
Gozag
Kikubaaqudgha
Makhleb
Nemelex Xobeh
Okawaru
Qazlal
Ru
Sif Muna
Trog
Vehumet
Xom
Yredelemnul
Zin
The Shining One
Beogh

Shops:
D:4 %   D:7 ?   Orc:3 (   Orc:4 =

Annotations:
Orc:4 Saint Roka


Innate Abilities, Weirdness & Mutations

You are under a permanent stasis effect.
You can dig through walls and to a lower floor.
Your four strong arms can wield two-handed weapons with a shield.
You have a pair of large antennae on your head (SInv).


Message History

You closely miss Saint Roka.
Saint Roka says, "Down here, you're an orc or you're nobody."
You block Saint Roka's attack.
You hit Saint Roka but do no damage.
Saint Roka roars a battlecry!
Saint Roka barely misses you.
Your plate armour prevents you from hitting Saint Roka.
Saint Roka roars a battlecry!
Saint Roka hits you with a battleaxe!
* * * LOW HITPOINT WARNING * * *
You hear a shout!
Drink which item? (? for menu, Esc to quit)
Okay, then.
Read which item? (? for menu, Esc to quit)
As you read the scroll of fear, it crumbles to dust.
You assume a fearsome visage.
Saint Roka looks frightened!
An orc warrior comes into view. It is wielding a battleaxe.
The orc warrior shouts!
The orc warrior hits you with a battleaxe!!
You die...

....$.∩.))..<...##
......)..)<.......
..................
.##......{{..<....
##{....{.{....$$
##.{..{{{......
####o##..##.##
#o## ### ## ##@#
###


You could see an orc warrior (frenzied).

Vanquished Creatures
  Urug (Orc:1)
  An unseen horror (D:10)
  2 orc knights
  A cyclops (D:10)
  A centaur skeleton (D:9)
  A troll (D:9)
  A two-headed ogre (D:10)
  The ghost of Harvey99999 the Shield-Bearer, an average GrFi of Gozag (D:3)
  A basilisk (D:10)
  15 yaks (D:10)
  A wyvern (D:10)
  A hippogriff (D:7)
  A warg (Orc:4)
  2 porcupines (D:10)
  2 water moccasins (D:6)
  2 phantoms
  2 sky beasts (D:5)
  10 orc warriors
  2 black bears
  5 ice beasts
  A necrophage (D:6)
  8 ogres
  4 centaurs
  A big kobold (D:9)
  5 crocodiles (D:10)
  Blork the orc (D:6)
  4 giant frogs
  A scorpion (D:4)
  A wyvern skeleton (D:7)
  10 wights
  5 crimson imps
  A giant frog zombie (D:5)
  13 orc wizards
  10 orc priests
  3 hounds
  5 jellies
  A gnoll shaman (D:7)
  An iguana (D:7)
  2 giant frog skeletons
  7 worker ants
  2 sheep (D:10)
  3 hound skeletons
  A worker ant zombie (D:10)
  4 gnolls
  11 adders
  4 river rats (D:10)
  An ooze (D:1)
  An adder zombie (D:5)
  4 worms (D:3)
  5 adder skeletons
  5 giant geckos
  70 orcs
  9 bats
  3 giant cockroaches
  12 hobgoblins
  8 jackals
  17 kobolds
  4 quokkas
  2 ball pythons
  2 giant gecko zombies
  4 giant newts
  4 goblins
  A jackal zombie (D:8)
  A quokka skeleton (D:5)
  7 rats
322 creatures vanquished.

Vanquished Creatures (others)
  2 bushes (D:10)
  2 fungi (D:10)
  9 plants (D:10)
13 creatures vanquished.

Grand Total: 335 creatures vanquished

Notes
Turn   | Place    | Note
--------------------------------------------------------------
     0 | D:1      | Murumi the Formicid Fighter began the quest for the Orb.
     0 | D:1      | Reached XP level 1. HP: 18/18 MP: 1/1
    33 | D:1      | Reached skill level 4 in Shields
   105 | D:1      | Reached XP level 2. HP: 24/24 MP: 2/2
   181 | D:1      | Reached skill level 1 in Dodging
   459 | D:1      | Reached XP level 3. HP: 26/29 MP: 3/3
   831 | D:2      | Found a deep blue altar of Sif Muna.
  1101 | D:2      | Found a basalt altar of Yredelemnul.
  1587 | D:3      | Reached XP level 4. HP: 37/37 MP: 4/4
  1652 | D:3      | Found an ancient bone altar of Kikubaaqudgha.
  1732 | D:3      | Noticed Harvey99999's ghost (average GrFi)
  1743 | D:3      | Killed Harvey99999's ghost
  1743 | D:3      | Reached skill level 6 in Fighting
  1743 | D:3      | Reached XP level 5. HP: 37/47 MP: 5/5
  1743 | D:3      | Reached XP level 6. HP: 41/53 MP: 6/6
  2159 | D:4      | Found Remugem's Food Boutique.
  2345 | D:4      | Reached XP level 7. HP: 35/59 MP: 7/7
  2643 | D:4      | Reached skill level 5 in Shields
  3225 | D:5      | Entered Level 5 of the Dungeon
  3230 | D:5      | Found a staircase to the Ecumenical Temple.
  3236 | Temple   | Entered the Ecumenical Temple
  3246 | Temple   | Became a worshipper of Elyvilon the Healer
  3466 | D:5      | Reached skill level 7 in Fighting
  3610 | D:5      | Reached XP level 8. HP: 54/68 MP: 8/8
  3678 | D:5      | Reached skill level 8 in Fighting
  3710 | D:5      | Reached skill level 1 in Invocations
  3914 | D:5      | Reached skill level 5 in Invocations
  4178 | D:5      | Acquired Elyvilon's first power
  4425 | D:5      | Found an opulent altar of Gozag.
  4425 | D:5      | Found a sparkling altar of Nemelex Xobeh.
  4488 | D:5      | Found a bloodstained altar of Trog.
  4489 | D:5      | Found an iron altar of Okawaru.
  5173 | D:6      | Reached XP level 9. HP: 34/74 MP: 12/12
  5549 | D:6      | Found a sacrificial altar of Ru.
  5685 | D:6      | Noticed Blork the orc
  5705 | D:6      | Killed Blork the orc
  5705 | D:6      | Reached skill level 5 in Dodging
  5800 | D:6      | Reached skill level 5 in Armour
  6171 | D:6      | Acquired Elyvilon's second power
  6178 | D:6      | Found a shimmering altar of Xom.
  6813 | D:7      | Found Tiutroosif's Magic Scroll Shoppe.
  6821 | D:7      | Bought a scroll of enchant weapon for 105 gold pieces
  6878 | D:7      | Found a radiant altar of Vehumet.
  7052 | D:8      | Found a snail-covered altar of Cheibriados.
  7139 | D:8      | Acquired Elyvilon's third power
  7481 | D:8      | Reached XP level 10. HP: 73/79 MP: 14/14
  7495 | D:8      | Found a glowing silver altar of Zin.
  8093 | D:9      | Found a staircase to the Orcish Mines.
  8642 | D:9      | Found a shimmering altar of Xom.
  8957 | D:10     | Entered Level 10 of the Dungeon
  8957 | D:10     | Noticed a cyclops
  9055 | D:10     | Found a staircase to the Lair.
  9170 | D:10     | Reached skill level 9 in Invocations
  9305 | D:10     | Reached XP level 11. HP: 72/85 MP: 17/17
  9742 | D:10     | Noticed an unseen horror
  9759 | D:10     | Reached skill level 10 in Shields
  9783 | D:10     | Killed an unseen horror
  9905 | D:10     | Killed a cyclops
  9905 | D:10     | Reached skill level 10 in Invocations
 10273 | D:10     | Noticed a hill giant
 10274 | D:10     | Pacified a hill giant
 10523 | Orc:1    | Entered Level 1 of the Orcish Mines
 10524 | Orc:1    | Noticed an orc knight
 10534 | Orc:1    | Noticed Urug
 10579 | Orc:1    | Killed an orc knight
 10601 | Orc:1    | Killed Urug
 10871 | Orc:1    | Reached XP level 12. HP: 57/91 MP: 19/19
 10881 | Orc:1    | Got a fine long sword
 10882 | Orc:1    | Identified the cursed +0 long sword "Ulunip" {freeze, rElec rF+ Str-3 Int+2} (You found it on level 1 of the Orcish Mines)
 11070 | Orc:1    | Found a roughly hewn altar of Beogh.
 11488 | Orc:2    | Acquired Elyvilon's fourth power
 11885 | Orc:3    | Found Hupsistri's Weapon Emporium.
 11898 | Orc:3    | Bought a cursed -3 shortbow for 1 gold piece
 11931 | Orc:4    | Entered Level 4 of the Orcish Mines
 11931 | Orc:4    | Found Kafog's Jewellery Shoppe.
 11931 | Orc:4    | Found a staircase to the Elven Halls.
 12083 | Orc:4    | Noticed Saint Roka
 12105 | Orc:4    | HP: 4/94 [Saint Roka/battleaxe (25)]
 12120 | Orc:4    | Demolished by an orc warrior

Vault maps used:
D:1:      minmay_arrival_five_plusses
D:2:      lemuel_round_altar, first_bread, led_sif_pool
D:3:      lemuel_coloured_pillars_altar
D:4:      serial_shops, shop, minmay_misc_feat_diagonals
D:5:      wad_crossroads, grunt_temple_overflow_opulence,
          grunt_temple_overflow_bloody_war, minmay_temple_entry_hall
D:6:      lemuel_crystal_altar, basic_altar, uniq_blork_the_orc
D:7:      kennysheep_mini_moat, serial_shops, shop
D:8:      lemuel_crystal_altar, kennysheep_mini
D:9:      kennysheep_little_box
D:10:     minmay_lair_entry_grove
Temple:   nicolae_temple_great_sept
Orc:1:    nicolae_orc_accident_2, basic_altar, sword_in_stone
Orc:2:    uniq_harold, uniq_sonja
Orc:3:    serial_shops, nicolae_shop_window_shopping, nicolae_orc_pool_cavern
Orc:4:    grunt_orc_community_town_hall, grunt_orc_community_big_house_2,
          grunt_orc_community_big_house_2, grunt_orc_community_house_1,
          grunt_orc_community_house_3, grunt_orc_community_house_2,
          grunt_orc_community_house_1, grunt_orc_community_house_3,
          grunt_orc_community_house_2, serial_shops, shop, uniq_saint_roka

Action                   |  1- 3 |  4- 6 |  7- 9 | 10-12 || total
-------------------------+-------+-------+-------+-------++-------
Melee: Long sword        |   121 |   140 |   508 |   719 ||  1488
       Great sword       |       |       |       |   243 ||   243
Invok: Lesser Healing    |       |       |     1 |    28 ||    29
       Heal Other        |       |       |       |     1 ||     1
       Greater Healing   |       |       |       |     2 ||     2
 Abil: Dig               |       |       |     4 |    12 ||    16
  Use: Scroll            |     6 |     5 |     3 |     9 ||    23
       Potion            |       |     1 |       |     5 ||     6
 Stab: Distracted        |       |       |       |     1 ||     1
  Eat: Chunk             |     2 |     3 |    15 |    17 ||    37
       Pizza             |       |       |     1 |     1 ||     2
       Bread ration      |       |       |       |     1 ||     1
       Fruit             |       |       |       |     1 ||     1
